 Dungeon Crawl Stone Soup version 0.29-a0-1009-g60c99734e7 (webtiles) character file.

Game seed: 4952891226441434426

133 drpainis the Sneak (level 4, -2/21 HPs)
             Began as a Spriggan Enchanter on Aug 8, 2022.
             Slain by Sigmund
             ... wielding a +0 scythe
              (9 damage)
             ... on level 3 of the Dungeon.
             The game lasted 00:04:12 (4640 turns).

drpainis the Sneak (Spriggan Enchanter)             Turns: 4640, Time: 00:04:13

Health: -2/21      AC:  2    Str:  4    XL:     4   Next: 94%
Magic:  5/10       EV: 18    Int: 22    God:
Gold:   125        SH:  0    Dex: 17    Spells: 2/10 levels left

rFire   . . .      SeeInvis +   m - +2 dagger (pain)
rCold   . . .      Faith    .   (no shield)
rNeg    . . .      Spirit   .   b - +0 robe
rPois   .          Reflect  .   (helmet restricted)
rElec   .          Harm     .   (no cloak)
rCorr   .          Rampage  .   (gloves unavailable)
Will    .....                   (boots unavailable)
Stlth   +++.......              (no amulet)
HPRegen 0.07/turn               l - +6 ring of intelligence
MPRegen 0.12/turn               (no ring)

@: confusing by touch, very quick
A: very small, no large weapons, unfitting armour, see invisible, speed 3
a: no special abilities


You were on level 3 of the Dungeon.
You visited 1 branch of the dungeon, and saw 4 of its levels.

You collected 125 gold pieces.

Inventory:

Hand Weapons
 a - a +1 dagger
 m - a +2 dagger of pain (weapon)
Missiles
 v - 7 poisoned darts (quivered)
Armour
 b - a +0 robe (worn)
Jewellery
 l - a +6 ring of intelligence (left hand)
 s - a ring of resist corrosion
Scrolls
 d - 3 scrolls of identify {unknown}
 f - a scroll of poison {unknown}
 g - a scroll of summoning {unknown}
 h - 2 scrolls of noise {unknown}
 i - a scroll of magic mapping {unknown}
 j - a scroll of enchant weapon {unknown}
 k - a scroll of fear {unknown}
 n - 2 scrolls of torment {unknown}
 o - a scroll of fog {unknown}
Potions
 c - 2 potions of invisibility
 e - a potion of attraction {unknown}
 p - a potion of berserk rage {unknown}
 q - a potion of mutation {unknown}
 r - 2 potions of curing {unknown}
 t - a potion of haste {unknown}
 u - a potion of flight {unknown}


   Skills:
 + Level 0.2 Fighting
 + Level 2.3 Short Blades
 + Level 3.4 Dodging
 + Level 6.3 Stealth
 + Level 3.6 Spellcasting
 + Level 4.1 Hexes
 + Level 0.1 Ice Magic


You had 2 spell levels left.
You knew the following spells:

 Your Spells              Type           Power      Damage    Failure   Level
a - Ensorcelled Hibernat  Hex/Ice        26%        N/A       8%          2
b - Confusing Touch       Hex            22%        N/A       6%          3
c - Tukima's Dance        Hex            22%        N/A       6%          3

Your spell library contained the following spells:

 Spells                   Type           Power      Damage    Failure   Level
 Dazzling Flash           Conj/Hex       26%        N/A       16%         3


Dungeon Overview and Level Annotations

Branches:
Dungeon (4/15)
 Temple: D:4-7

Altars:
Uskayaw

Shops:
D:2 ?

Annotations:
D:3 Sigmund


Innate Abilities, Weirdness & Mutations

You are very small and have problems with some larger weapons.
You are too small for most types of armour.
You have supernaturally acute eyesight. (SInv)
You cover ground extremely quickly. (Speed+++)


Message History

You start resting.
You hear the slow hiss of a very distant avalanche of sand.
You climb upwards.
Level annotation: Sigmund
There is a stone staircase leading down here.
Sigmund mumbles some strange words.
Sigmund flickers and vanishes for a moment.
Casting: Ensorcelled Hibernation (safe; 8% risk of failure)
Confirm with . or Enter, or press ? or * to list all spells.
Aiming: Ensorcelled Hibernation (safe; 8% risk of failure)
Press: ? - help, Shift-Dir - straight line, f - you That would be overly suicidal.
Okay, then.
Casting: Ensorcelled Hibernation (safe; 8% risk of failure)
Confirm with . or Enter, or press ? or * to list all spells.
Aiming: Ensorcelled Hibernation (safe; 8% risk of failure)
Press: ? - help, Shift-Dir - straight line, f - Sigmund
Aim: Sigmund, wielding a +0 scythe and wearing a +2 robe of resistance (slightly transparent, not susceptible) Sigmund is unaffected.
Casting: Ensorcelled Hibernation (safe; 8% risk of failure)
Confirm with . or Enter, or press ? or * to list all spells.
Aiming: Ensorcelled Hibernation (safe; 8% risk of failure)
Press: ? - help, Shift-Dir - straight line, f - you, p - Sigmund That would be overly suicidal.
Okay, then.
Unknown command.
There is a stone staircase leading down here.
You start resting.
Sigmund is nearby!
Casting: Ensorcelled Hibernation (safe; 8% risk of failure)
Confirm with . or Enter, or press ? or * to list all spells.
The spell is quite dangerous to miscast (6% risk of failure)!
Continue anyway? [Y]es or [N]o only, please.
The spell is quite dangerous to miscast (6% risk of failure)!
Continue anyway?
Your hands begin to glow red.
Unknown command.
Sigmund gestures at you while chanting. The magic dart hits you!
You barely miss Sigmund. Sigmund hits you with a +0 scythe!
You die...

####.# #.# #.# #.# .....#
#.#####.# #.. ####.#
#.......# #.# #.# #.#####.#
#.# #.# #.# #.# #.# #.# #.#
#.#####.# #.# #.#
#.......########
####.###.##
###.@..........#
..........# #@##########.#
####.###..# #># #.#####
.......#..# #.# #.....$
...#.#.#..# #.# #..####
##.#.###..# #.# #..#
...#.#....# #.# #..#
####.#.##.######.# #..#
..#........<..##########..#
###..#................##..#


You could see Sigmund (invisible).

Vanquished Creatures
  An iguana (D:3)
  The ghost of gdog the Covert, a weakling GnDe (D:3)
  4 gnolls (D:3)
  2 dart slugs (D:1)
  An orc (D:3)
  4 endoplasms
  3 giant cockroaches
  4 goblins
  5 hobgoblins
  3 jackals (D:3)
  5 ball pythons
  4 bats
  2 frilled lizards
  5 kobolds
  3 rats
47 creatures vanquished.

Notes
Turn   | Place    | Note
-------+----------+-------------------------------------------
     0 | D:1      | drpainis the Spriggan Enchanter began the quest for the
                  | Orb.
     0 | D:1      | Reached XP level 1. HP: 9/9 MP: 5/5
    86 | D:1      | Found a faded altar of an unknown god.
   110 | D:1      | Reached XP level 2. HP: 12/13 MP: 7/7
  1160 | D:2      | Reached skill level 5 in Stealth
  1571 | D:2      | Found Riuxoig's Magic Scroll Boutique.
  1931 | D:2      | Reached XP level 3. HP: 14/16 MP: 8/8
  2608 | D:2      | Learned a level 2 spell: Ensorcelled Hibernation
  2612 | D:2      | Learned a level 3 spell: Confusing Touch
  2616 | D:2      | Learned a level 3 spell: Tukima's Dance
  2914 | D:3      | Found a hide-covered altar of Uskayaw.
  3088 | D:3      | Reached XP level 4. HP: 21/21 MP: 0/10
  3753 | D:3      | Reached skill level 6 in Stealth
  4038 | D:3      | Found a runed translucent door.
  4042 | D:3      | Noticed gdog's ghost (weakling GnDe)
  4074 | D:3      | Killed gdog's ghost
  4547 | D:3      | Noticed Sigmund
  4640 | D:3      | Slain by Sigmund

Illustrated notes

Levels and vault maps discovered:
D:1:      heliophobic_arrival_glass_houses, layout_rooms,
          shapermc_ecumenical_altar_totnotflames
D:2:      layout_loops_corners, serial_shops, nicolae_shop_hallway_plus
D:3:      layout_basic, eat_drink_and_be_merry_uskayaw, gammafunk_ghost_grave,
          serial_curves, eino_curves_04, eino_curves_03, grunt_decor_arrowhead,
          uniq_sigmund
D:4:      layout_loops_cross, zin_academy, mainiacjoe_overflow_alcove_2,
          temple_statues, nicolae_ossuary_entry_ruins, uniq_robin, uniq_menkaure

Skill      XL: |  1  2  3  4 |
---------------+-------------+-----
Spellcasting   | 3 |  3.6
Dodging        | 3 |  3.4
Stealth        | 5 6 |  6.3
Short Blades   | 2 |  2.3
Hexes          | 4 |  4.1
Fighting       | |  0.2
Ice Magic      | |  0.1

Action                   |  1- 3 |  4- 6 || total
-------------------------+-------+-------++-------
Melee: Dagger            |   114 |    47 ||   161
       Punch             |     3 |       ||     3
 Cast: Ensorcelled Hiber |     8 |    10 ||    18
       Confusing Touch   |       |     2 ||     2
 Stab: Sleeping          |     8 |    11 ||    19
       Confused          |       |     2 ||     2
Armor: Robe              |    12 |     1 ||    13
Dodge: Dodged            |    79 |    37 ||   116

Table legend: (Time is in decaauts)
 A = Elapsed time spent in this place.
 B = Non-inter-level travel time spent in this place.
 C = Inter-level travel time spent in this place.
 D = Time resting spent in this place.
 E = Time spent auto-exploring this place.
 F = Levels seen in this place.
 G = Mean time per level.
                   A        B        C        D        E       F      G
               +--------+--------+--------+--------+--------+-----+--------+
         Total |   3849 |   3795 |     54 |   2412 |    968 |   4 |  962.2 |
       Dungeon |   3849 |   3795 |     54 |   2412 |    968 |   4 |  962.2 |
               +--------+--------+--------+--------+--------+-----+--------+

Top non-repeatable levels by time:
     D:2: 1514 daAuts
     D:3: 1436 daAuts
     D:1: 847 daAuts
     D:4: 51 daAuts
